 Dungeon Crawl Stone Soup version 0.28.0-53-g5a82cb258f (webtiles) character file.

Game seed: 16323449399340147053

394 Erymatos the Chopper (level 6, -8/56 HPs)
             Began as a Minotaur Berserker on June 8, 2022.
             Was a Believer of Trog.
             Mangled by Pikel
             ... wielding a +1 whip of flaming
              (18 damage)
             ... on level 5 of the Dungeon.
             The game lasted 00:03:30 (3868 turns).

Erymatos the Chopper (Minotaur Berserker)           Turns: 3868, Time: 00:03:32

Health: -8/56      AC:  8    Str: 23    XL:     6   Next: 51%
Magic:  5/5        EV: 12    Int:  4    God:    Trog [**....]
Gold:   118        SH:  0    Dex: 10    Spells: 5/5 levels left

rFire   . . .      SeeInvis .   a - +0 hand axe
rCold   . . .      Faith    .   (no shield)
rNeg    . . .      Spirit   .   l - +0 ring mail
rPois   .          Reflect  .   (helmet restricted)
rElec   .          Harm     .   g - +0 cloak
rCorr   .          Rampage  .   j - +1 pair of gloves
Will    .....                   (no boots)
Stlth   ..........              (no amulet)
HPRegen 0.18/turn               (no ring)
MPRegen 0.09/turn               (no ring)

@: no status effects
A: horns 2, retaliatory headbutt
a: Renounce Religion, Berserk, Trog's Hand


You were on level 5 of the Dungeon.
You worshipped Trog.
Trog was pleased with you.
You visited 1 branch of the dungeon, and saw 5 of its levels.

You collected 118 gold pieces.

Inventory:

Hand Weapons
 a - a +0 hand axe (weapon)
Armour
 b - a +0 animal skin
 g - a +0 cloak (worn)
 j - a +1 pair of gloves (worn)
 l - a +0 ring mail (worn)
Scrolls
 c - 4 scrolls of holy word {unknown}
 e - 2 scrolls of amnesia {unknown}
 k - a scroll of summoning {unknown}
 m - a scroll of silence {unknown}
 o - a scroll of identify {unknown}
 r - a scroll of immolation {unknown}
Potions
 d - a potion of heal wounds {unknown}
 f - 2 potions of curing {unknown}
 h - a potion of haste {unknown}
 i - 2 potions of brilliance {unknown}
 n - a potion of ambrosia {unknown}
 p - a potion of might {unknown}
 q - a potion of lignification {unknown}


   Skills:
 + Level 5.5 Fighting
 + Level 6.4 Axes
 + Level 3.1 Armour
 + Level 4.1 Dodging


You had 5 spell levels left.
You didn't know any spells.
Your spell library was empty.

Dungeon Overview and Level Annotations

Branches:
Dungeon (5/15)             Temple (0/1) D:4

Altars:
Hepliaklqana
Ru
Sif Muna

Annotations:
D:5 Pikel


Innate Abilities, Weirdness & Mutations

You have a pair of horns on your head.
You reflexively headbutt those who attack you in melee.


Message History

Unknown command.
You hit Pikel.
Pikel is lightly wounded.
You hit the lemure. You barely miss the lemure. You miss the lemure.
You hit the lemure.
Pikel drinks a potion.
Pikel goes berserk!
The lemure barely misses you. The lemure hits you but does no damage.
The lemure hits you. The lemure misses you. You furiously retaliate!
You headbutt the lemure, but do no damage.
You hit Pikel. You headbutt Pikel, but do no damage.
Pikel is lightly wounded.
You barely miss the lemure. x2; You hit the lemure. x2
Pikel hits you with a +1 whip of flaming!
Pikel burns you. The lemure barely misses you. You furiously retaliate!
You headbutt the lemure. The lemure hits you but does no damage.
The lemure barely misses you. The lemure hits you.
Pikel hits you with a +1 whip of flaming.
Pikel burns you.
You barely miss Pikel. You closely miss the lemure.
You completely miss the lemure. You hit the lemure but do no damage.
You hit the lemure. The lemure closely misses you.
The lemure hits you but does no damage. The lemure misses you.
The lemure hits you. Pikel completely misses you.
Unknown command.
You hit Pikel.
Pikel is lightly wounded.
You hit the lemure. You hit the lemure but do no damage.
You closely miss the lemure. x2; Pikel closely misses you.
The lemure hits you but does no damage. The lemure hits you.
The lemure barely misses you. x2
Pikel hits you with a +1 whip of flaming!
* * * LOW HITPOINT WARNING * * *
Pikel burns you.
* * * LOW HITPOINT WARNING * * *
You hit Pikel. You headbutt Pikel, but do no damage.
Pikel is lightly wounded.
You hit the lemure. x2; You hit the lemure but do no damage.
You hit the lemure.
You recover from your berserk rage.
The lemure closely misses you. x2; The lemure hits you but does no damage. x2
Pikel hits you with a +1 whip of flaming!!
You die...

....###.).######
...............#
[...#.)>....#..#
..............##
..............#
#...........≈
#<.555....≈≈
#.<@K.....≈
##..5≈≈≈≈≈≈
#.≈≈≈≈≈≈≈≈
##≈≈≈≈≈§§§
#.≈≈≈≈≈§§
>..≈≈≈§§§
#...§≈≈§§
#...§≈≈§§


You could see Pikel (berserk) and 4 lemures.

Vanquished Creatures
  An ogre (D:4)
  A bullfrog (D:3)
  An oklob sapling (D:4)
  A hound (D:4)
  An orc priest (D:4)
  A hound skeleton (D:4)
  5 adders
  3 dart slugs
  8 orcs
  2 bats (D:1)
  3 endoplasms
  6 giant cockroaches
  7 goblins
  8 hobgoblins
  4 jackals (D:1)
  A quokka (D:3)
  8 ball pythons
  4 frilled lizards (D:1)
  7 kobolds
  A rat (D:3)
73 creatures vanquished.

Vanquished Creatures (others)
  19 plants
19 creatures vanquished.

Grand Total: 92 creatures vanquished

Notes
Turn   | Place    | Note
-------+----------+-------------------------------------------
     0 | D:1      | Erymatos the Minotaur Berserker began the quest for the
                  | Orb.
     0 | D:1      | Reached XP level 1. HP: 19/19 MP: 0/0
   314 | D:1      | Reached skill level 4 in Axes
   391 | D:1      | Reached XP level 2. HP: 25/27 MP: 1/1
  1132 | D:1      | Found a faded altar of an unknown god.
  1607 | D:1      | Reached XP level 3. HP: 31/33 MP: 2/2
  1997 | D:2      | Reached ** piety under Trog
  2035 | D:2      | You fall into a shaft and drop 1 floor!
  2035 | D:3      | Found a sacrificial altar of Ru.
  2037 | D:3      | Found a shimmering blue altar of Sif Muna.
  2038 | D:3      | Found a hazy altar of Hepliaklqana.
  2118 | D:3      | Reached skill level 5 in Axes
  2118 | D:3      | Reached XP level 4. HP: 31/41 MP: 3/3
  2531 | D:3      | Noticed a bullfrog
  2539 | D:3      | Killed a bullfrog
  2540 | D:3      | Reached XP level 5. HP: 47/47 MP: 4/4
  2923 | D:3      | Reached skill level 5 in Fighting
  3099 | D:4      | Noticed an ogre
  3107 | D:4      | Killed an ogre
  3108 | D:4      | Reached skill level 6 in Axes
  3108 | D:4      | Reached XP level 6. HP: 50/56 MP: 5/5
  3436 | D:4      | Found a staircase to the Ecumenical Temple.
  3858 | D:5      | Entered Level 5 of the Dungeon
  3858 | D:5      | Noticed Pikel
  3868 | D:5      | Mangled by Pikel

Illustrated notes

Levels and vault maps discovered:
D:1:      minmay_arrival_loop, layout_loops_corners,
          chequers_ecumenical_altar_island, serial_bayou_lake_a
D:2:      layout_loops_ring
D:3:      layout_rooms, grunt_temple_overflow_open, serial_co_window_serial,
          co_window_of_opportunity_a, co_window_paths_a, co_window_paths_b,
          co_window_paths_a, co_window_paths_b, co_window_corner_a,
          co_window_paths_b, co_window_of_opportunity_a, co_window_corner_a,
          co_window_broadway_b, co_window_corner_b, co_window_broadway_c,
          glass_columns_a, glass_columns_c, corexii_item_surrounded_by_moat
D:4:      layout_rooms, minmay_temple_entry_oklob
D:5:      layout_loops_ring, serial_co_window_serial, co_window_corner_a,
          co_window_of_opportunity_a, co_window_of_opportunity_a,
          co_window_paths_a, co_window_corner_a, co_window_paths_a,
          co_window_paths_a, co_window_corner_a, co_window_paths_a,
          co_window_broadway_a, co_window_broadway_b, co_window_2corner,
          glass_columns_c, lemuel_old_faithful, uniq_pikel

Skill      XL: |  1  2  3  4  5  6 |
---------------+-------------------+-----
Axes           | 4 5 6 |  6.4
Fighting       | 4 5 |  5.5
Dodging        | 3 4 |  4.1
Armour         | 3 |  3.1

Action                   |  1- 3 |  4- 6 || total
-------------------------+-------+-------++-------
Melee: Hand axe          |    90 |    81 ||   171
       Headbutt          |     4 |    15 ||    19
Invok: Berserk           |     1 |     4 ||     5
Armor: Animal skin       |    27 |     2 ||    29
       Ring mail         |       |    34 ||    34
Dodge: Dodged            |    67 |    50 ||   117
